 Dungeon Sprint DCSS version 0.25-b1-37-g2669288c55 (webtiles) character file.

Game seed: 6832308425697702377

18 Groucho the Skirmisher (level 2, 0/30 HPs)
             Began as a Naga Fighter on June 5, 2020.
             Was a Believer of Cheibriados.
             Slain by Purgy (2 damage)
             ... in the Dungeon (Sprint VII: "The Pits").
             The game lasted 00:01:37 (768 turns).

Groucho the Skirmisher (Naga Fighter)                Turns: 768, Time: 00:01:38

Health: 0/30       AC:  4    Str: 23    XL:     2   Next: 66%
Magic:  3/3        EV:  5    Int: 13    God:    Cheibriados [**....]
Gold:   0          SH: 10    Dex: 15    Spells: 1/1 levels left

rFire    . . .     SeeInvis +   a - +0 war axe
rCold    . . .     Gourm    .   c - +0 kite shield
rNeg     . . .     Faith    .   b - +0 scale mail
rPois    +         Spirit   .   (no helmet)
rElec    .         Reflect  .   (no cloak)
rCorr    .         Harm     .   (no gloves)
MR       .....     NoTele   +   (no barding)
Stlth    ..........             (no amulet)
HPRegen  0.10/turn              (no ring)
MPRegen  0.08/turn              (no ring)

@: mighty, very slightly contaminated, invisible, very slow
A: large, see invisible, deformed body, poison resistance, slowness 2, slow
metabolism 1, spit poison 1, AC +0
a: Spit Poison, Bend Time, Renounce Religion


You were in the Dungeon.
You worshipped Cheibriados.
Cheibriados was pleased with you.
You were not hungry.

You visited 1 branch

Inventory:

Hand Weapons
 a - a +0 war axe (weapon)
 l - a +2 hand axe
 m - a +2 mace
Missiles
 r - 10 stones (quivered)
Armour
 b - a +0 scale mail (worn)
 c - a +0 kite shield (worn)
Scrolls
 k - a scroll of blinking
 o - 3 scrolls of remove curse
 p - 5 scrolls of amnesia
 q - a scroll of summoning
Potions
 h - a potion of haste
 i - 4 potions of magic
 j - 3 potions of berserk rage
 n - a potion of invisibility
Comestibles
 f - 9 rations


   Skills:
 + Level 3.8 Fighting
 + Level 3.0 Axes
 + Level 3.1 Armour
 + Level 3.1 Shields
 + Level 1.6 Invocations


You had one spell level left.
You didn't know any spells.
Your spell library was empty.

Dungeon Overview and Level Annotations

Branches:
Dungeon (1/1)

Altars:
Ashenzari
Cheibriados
Dithmenos
Elyvilon
Fedhas
Gozag
Hepliaklqana
Kikubaaqudgha
Makhleb
Nemelex Xobeh
Okawaru
Qazlal
Ru
Sif Muna
Trog
Uskayaw
Vehumet
Wu Jian
Xom
Yredelemnul
Zin
The Shining One
Beogh
Jiyva
Lugonu

Annotations:
D Purgy


Innate Abilities, Weirdness & Mutations

You cannot wear boots.
Your serpentine skin is tough. (AC +0)
You have supernaturally acute eyesight. (SInv)
Armour fits poorly on your strangely shaped body.
Your system is resistant to poisons. (rPois)
You cover ground very slowly.
You have a slow metabolism.
You can spit poison.


Message History

* * * LOW HITPOINT WARNING * * *
Purgy barely misses you. Purgy claws you but does no damage.
You barely miss Purgy.
Purgy is heavily wounded.
You miss Purgy.
Purgy is heavily wounded.
Purgy bites you but does no damage. Purgy claws you but does no damage.
Purgy claws you.
* * * LOW HITPOINT WARNING * * *
You barely miss Purgy.
Purgy is heavily wounded.
Purgy barely misses you. You block Purgy's attack.
Purgy claws you but does no damage. Purgy bites you but does no damage.
Purgy claws you but does no damage. Purgy claws you.
* * * LOW HITPOINT WARNING * * *
Unknown command.
You closely miss Purgy.
Purgy is heavily wounded.
Purgy bites you.
You die...

#_______...###########++
##########'##...........
#.?|.')).'.##......#..#
##########.##..........
#...........'...........
+#####'#####......#..#.
# #...'.##........... #.
#...#.#####'#####+
#..#####@##.......#
#..'...#T##.......#
#..'...gb##.......#
#..########...<...# #..
#.......# #. #.......#
## #.......# #########


You could see Purgy, a goblin and a bat.

Vanquished Creatures
  A river rat (D)
  2 leopard geckos (D)
  An orc (D)
  A jackal (D)
  A quokka (D)
6 creatures vanquished.

Notes
Turn   | Place    | Note
-------+----------+-------------------------------------------
     0 | D        | Groucho the Naga Fighter began the quest for the Orb.
     0 | D        | Reached XP level 1. HP: 21/21 MP: 1/1
    15 | D        | Found a bloodstained altar of Trog.
    15 | D        | Found a shimmering blue altar of Sif Muna.
    15 | D        | Found a viscous altar of Jiyva.
    15 | D        | Found a hazy altar of Hepliaklqana.
    15 | D        | Found an opulent altar of Gozag.
    16 | D        | Found a glowing golden altar of the Shining One.
    16 | D        | Found a glowing silver altar of Zin.
    16 | D        | Found a basalt altar of Yredelemnul.
    16 | D        | Found a shimmering altar of Xom.
    16 | D        | Found an ornate altar of the Wu Jian Council.
    16 | D        | Found a sacrificial altar of Ru.
    16 | D        | Found a stormy altar of Qazlal.
    16 | D        | Found an iron altar of Okawaru.
    16 | D        | Found a sparkling altar of Nemelex Xobeh.
    16 | D        | Found a burning altar of Makhleb.
    16 | D        | Found a blossoming altar of Fedhas.
    16 | D        | Found a white marble altar of Elyvilon.
    16 | D        | Found a shadowy altar of Dithmenos.
    16 | D        | Found a snail-covered altar of Cheibriados.
    17 | D        | Found a radiant altar of Vehumet.
    17 | D        | Found a corrupted altar of Lugonu.
    17 | D        | Found a roughly hewn altar of Beogh.
    18 | D        | Found a hide-covered altar of Uskayaw.
    18 | D        | Found an ancient bone altar of Kikubaaqudgha.
    18 | D        | Found a shattered altar of Ashenzari.
    24 | D        | Became a worshipper of Cheibriados the Contemplative
    80 | D        | Reached * piety under Cheibriados
    80 | D        | Reached skill level 1 in Invocations
    80 | D        | Reached XP level 2. HP: 9/30 MP: 2/2
   706 | D        | Reached ** piety under Cheibriados
   748 | D        | Noticed Purgy
   768 | D        | Slain by Purgy

Illustrated notes

Levels and vault maps discovered:
D:        pitsprint [storerooms_1, entrance_room_1, metal_vault_7, armoury_2,
          mini_pit_1, grid_room_1, main_hall_1, silver_pit, the_coven_1,
          the_vestibule_1, steel_vault_3, golden_pit, hallway_of_sentries,
          crystal_vault_5, iron_vault_2, final_vault]

Skill      XL: |  1  2 |
---------------+-------+-----
Armour         | 3 |  3.1
Shields        | 3 |  3.1
Invocations    | 1 |  1.6
Axes           | 3 |  3.0
Fighting       | |  3.8

Action                   || total
-------------------------++-------
Melee: War axe           ||    32
  Use: Potion            ||     4
 Stab: Invisible         ||     1
Armor: Scale mail        ||    32
Dodge: Dodged            ||    13
Block: Kite shield       ||    23
